 Dungeon Crawl Stone Soup version 0.29-a0-271-gd4eb659eea (webtiles) character file.

Game seed: 2406384172928836997

1997 shoop the Gouger (level 9, -4/42 HPs)
             Began as a Felid Cinder Acolyte on Mar 8, 2022.
             Was an Elder of Ignis.
             Killed from afar by an electric eel (9 damage)
             ... with a bolt of electricity
             ... on level 6 of the Dungeon on Mar 9, 2022.
             The game lasted 00:35:08 (12856 turns).

shoop the Gouger (Felid Cinder Acolyte)            Turns: 12856, Time: 00:35:08

Health: -4/42      AC:  2    Str: 10    XL:     9   Next: 2%
Magic:  17/22      EV: 20    Int: 17    God:    Ignis [****..]
Gold:   227        SH:  0    Dex: 14    Spells: 0/12 levels left
                                        Lives:  0   Deaths: 2

rFire   + . .      SeeInvis +     - Unarmed
rCold   . . .      Faith    .   (shield unavailable)
rNeg    . . .      Spirit   .   (body armour unavailable)
rPois   .          Reflect  .   (helmet unavailable)
rElec   .          Harm     .   (cloak unavailable)
rCorr   .          Rampage  .   (gloves unavailable)
Will    +....                   (boots unavailable)
Stlth   ++++......              (no amulet)
HPRegen 0.14/turn               m - +4 ring of slaying
MPRegen 0.18/turn               y - ring of magical power

@: quick
A: very small, claws 1, fangs 3, see invisible, speed 1, shaggy fur 2, stealthy
paws, no weapons or thrown items, no armour, multi-lived
a: Renounce Religion, Fiery Armour, Foxfire Swarm, Rising Flame


You were on level 6 of the Dungeon.
You worshipped Ignis.
Ignis was greatly pleased with you.
You visited 2 branches of the dungeon, and saw 9 of its levels.
You also visited: Ossuary.

You collected 371 gold pieces.
You spent 144 gold pieces at shops.

Inventory:

Jewellery
 m - a +4 ring of slaying (left paw)
 n - a ring of flight
 o - a ring of positive energy
 y - a ring of magical power (right paw)
Wands
 g - a wand of digging (10)
 v - a wand of charming (10)
Scrolls
 a - 3 scrolls of noise
 b - a scroll of fog
 c - 3 scrolls of amnesia {unknown}
 d - 2 scrolls of blinking {unknown}
 h - 3 scrolls of vulnerability {unknown}
 i - 3 scrolls of enchant weapon {unknown}
 l - 4 scrolls of enchant armour {unknown}
 p - 3 scrolls of immolation
 r - a scroll of acquirement
 x - a scroll of fear
Potions
 e - a potion of berserk rage
 f - a potion of degeneration {unknown}
 j - 4 potions of brilliance {unknown}
 k - 5 potions of curing {unknown}
 q - a potion of resistance
 s - 5 potions of lignification {unknown}
 t - a potion of haste
 u - 3 potions of cancellation
 w - a potion of attraction {unknown}


   Skills:
 + Level 6.7 Fighting
 + Level 7.7 Dodging
 + Level 9.1 Stealth
 * Level 9.1 Unarmed Combat
 - Level 2.0 Spellcasting
 - Level 4.4 Translocations
 - Level 3.0 Fire Magic


You couldn't memorise any spells.
You knew the following spells:

 Your Spells              Type           Power      Damage    Failure   Level
a - Scorch                Fire           22%        2d6       9%          2
b - Blink                 Tloc           32%        N/A       4%          2
c - Manifold Assault      Tloc           16%        N/A       65%         5
t - Teleport Other        Tloc           16%        N/A       10%         3

Your spell library contained the following spells:

 Spells                   Type           Power      Damage    Failure   Level
 Gell's Gravitas          Tloc           16%        N/A       10%         3
 Lesser Beckoning         Tloc           16%        N/A       10%         3
 Dispersal                Tloc           8%         N/A       99%         6


Dungeon Overview and Level Annotations

Branches:
Dungeon (8/15)             Temple (1/1) D:5         Ossuary (visited)
   Lair: D:8-11

Altars:
Ashenzari
Cheibriados
Dithmenos
Elyvilon
Fedhas
Gozag
Hepliaklqana
Kikubaaqudgha
Makhleb
Nemelex Xobeh
Okawaru
Qazlal
Ru
Sif Muna
Trog
Uskayaw
Vehumet
Wu Jian
Xom
Yredelemnul
Zin
The Shining One

Shops:
D:1 *   D:2 (

Annotations:
D:3 1 runed translucent door, Crazy Yiuf
D:5 Duvessa


Innate Abilities, Weirdness & Mutations

You have sharp claws.
You have razor-sharp teeth.
You have supernaturally acute eyesight. (SInv)
You cover ground quickly. (Speed+)
You are covered in thick fur. (AC +2)
Your paws help you pounce on unaware monsters.
You are incapable of wielding weapons or throwing items.
You cannot wear armour.
You gain extra lives every three experience levels.


Message History

Aim: an electric eel (water, wandering, hasn't noticed you, chance to affect: 64%)
You miscast Teleport Other.
You are very lightly contaminated with residual magic.
Nothing appears to happen.
The electric eel shoots out a bolt of lightning at you!
The bolt of electricity hits you.
Unknown command.
You close the door.
You start resting.
Your magical contamination has completely faded away.
You start resting.
Magic restored.
You start resting.
HP restored.
You open the door.
The electric eel shoots out a bolt of lightning at you!
The bolt of electricity hits you!
Casting: Teleport Other (dangerous; 10% risk of failure)
Confirm with . or Enter, or press ? or * to list all spells.
Aiming: Teleport Other (dangerous; 10% risk of failure)
Press: ? - help, Shift-Dir - straight line, f/p - electric eel
Aim: an electric eel (chance to affect: 64%)
The electric eel looks slightly unstable.
The electric eel shoots out a bolt of lightning at you!
The bolt of electricity hits you!
The electric eel shoots out a bolt of lightning at you!
The bolt of electricity hits you!
* * * LOW HITPOINT WARNING * * *
You close the door.
You start resting.
An electric eel appears from thin air!
Casting: Teleport Other (dangerous; 10% risk of failure)
Confirm with . or Enter, or press ? or * to list all spells.
Flames lash the electric eel.
The electric eel is moderately wounded.
The electric eel's fire resistance burns away.
The electric eel is engulfed in a cloud of scalding steam.
The electric eel shoots out a bolt of lightning at you!
The bolt of electricity hits you!
You die...

......#..#.≈..≈##≈≈≈##≈#......#..
..##.##..#.P≈≈.#≈≈.S≈#†#....####.
..##.##'##P≈..P#(./S?#≈#....#####
...#.....#.....#≈P...#≈#.....#...
...#.....#.....#PP..P#≈#.....#...
...#....###'..##.....#.#.....#...
..##....#..#####.....#.#....##...
####[...##..≈≈≈##+..##.#....##...
#....[.#####≈.@####.##.........
#.>........###..≈S≈##..........
##.......##..##########...##...
##.......##########..##...##...
#........#................##...
##(.....[#.................#...
##.......#.................'...
#........'....[......##...##...
#........#.....##....##...##...


You could see an electric eel (combustible).

Vanquished Creatures
  A two-headed ogre (D:6)
  A wyvern (D:7)
  A steam dragon (D:6)
  2 water moccasins (D:6)
  A sky beast (D:4)
  2 ice beasts (D:6)
  2 ogres (D:5)
  A phantom (D:5)
  A bullfrog (D:6)
  3 elf zombies (Ossuary)
  4 scorpions
  16 wights
  Dowan (D:5)
  3 electric eels (D:6)
  2 human zombies (Ossuary)
  An orc priest (D:6)
  3 jellies
  7 hounds
  A gnoll shaman (D:7)
  Ijyb (D:3)
  4 iguanas
  An orc wizard (D:5)
  A mummy (Ossuary)
  3 gnolls (D:7)
  3 worms (D:2)
  A dart slug (D:3)
  15 orcs
  3 endoplasms
  A giant cockroach (D:4)
  6 goblins
  4 hobgoblins
  7 kobolds
  3 quokkas
  12 ball pythons
  A bat (D:2)
  3 frilled lizards
  A goblin zombie (Ossuary)
  6 hobgoblin zombies (Ossuary)
  2 jackal zombies (Ossuary)
  12 kobold zombies (Ossuary)
  7 orc zombies (Ossuary)
  4 rats
  3 rat zombies (Ossuary)
157 creatures vanquished.

Vanquished Creatures (others)
  A wight (D:6)
  46 foxfires
  2 plants
49 creatures vanquished.

Grand Total: 206 creatures vanquished

Notes
Turn   | Place    | Note
-------+----------+-------------------------------------------
     0 | D:1      | shoop the Felid Cinder Acolyte began the quest for the Orb.
     0 | D:1      | Reached XP level 1. HP: 10/10 MP: 3/3
   139 | D:1      | Reached skill level 1 in Stealth
   182 | D:1      | Found a faded altar of an unknown god.
   442 | D:1      | Found Laefebic's Assorted Antiques.
   790 | D:1      | Reached XP level 2. HP: 14/14 MP: 4/4
   793 | D:1      | Learned a level 2 spell: Scorch
  1831 | D:2      | Found Mues's Antique Weapon Boutique.
  1917 | D:2      | Reached XP level 3. HP: 17/17 MP: 2/5
  2145 | D:3      | Found a white marble altar of Elyvilon.
  2145 | D:3      | Found a hide-covered altar of Uskayaw.
  2368 | D:3      | Found a hazy altar of Hepliaklqana.
  2536 | D:3      | Found a runed translucent door.
  2537 | D:3      | Noticed Crazy Yiuf
  2581 | D:3      | Noticed Ijyb
  2941 | D:4      | Reached skill level 1 in Dodging
  2941 | D:4      | Reached XP level 4. HP: 21/21 MP: 1/6
  2944 | D:4      | Learned a level 2 spell: Blink
  3087 | D:4      | Found an iron altar of Okawaru.
  3300 | D:4      | Reached skill level 1 in Translocations
  3305 | D:4      | Reached XP level 5. HP: 24/24 MP: 0/7
  3429 | D:4      | Found an iron altar of Okawaru.
  3772 | D:4      | Noticed a hornet
  3817 | D:4      | Found a sacrificial altar of Ru.
  3817 | D:4      | Found a shimmering altar of Xom.
  3980 | D:4      | Found a sacrificial altar of Ru.
  3980 | D:4      | Found an iron altar of Okawaru.
  3980 | D:4      | Found a burning altar of Makhleb.
  4046 | D:5      | Entered Level 5 of the Dungeon
  4214 | D:5      | Noticed Duvessa
  4214 | D:5      | Noticed a sky beast
  4314 | D:5      | Noticed a phantom
  4444 | D:5      | Killed a phantom
  4445 | D:5      | Gained mutation: You are covered in thick fur. (AC +2)
                  | [Felid growth]
  4445 | D:5      | Reached XP level 6. HP: 28/28 MP: 1/8
  4449 | D:5      | Found a sand-covered staircase.
  4508 | Ossuary  | Entered an ossuary
  5316 | Ossuary  | Reached skill level 5 in Unarmed Combat
  5316 | Ossuary  | Reached XP level 7. HP: 29/32 MP: 1/10
  5474 | Ossuary  | Reached skill level 5 in Stealth
  5771 | D:1      | Bought a scroll labelled VUYDIMETOA for 15 gold pieces
  5771 | D:1      | Bought a scroll labelled VUYDIMETOA for 15 gold pieces
  5771 | D:1      | Bought a scroll labelled SYSAOR WAKHO for 15 gold pieces
  5771 | D:1      | Bought a bubbling coppery potion for 13 gold pieces
  5771 | D:1      | Bought a smoky sapphire potion for 13 gold pieces
  5771 | D:1      | Bought a fuming ruby potion for 13 gold pieces
  5771 | D:1      | Bought a worn fluorescent wand for 60 gold pieces
  5771 | D:1      | Identified a scroll of acquirement
  5937 | D:3      | Killed Ijyb
  6596 | D:5      | Noticed Dowan
  7188 | D:5      | Found a staircase to the Ecumenical Temple.
  7252 | Temple   | Entered the Ecumenical Temple
  7458 | D:5      | Noticed a yak
  7465 | D:5      | Noticed a yak
  7472 | D:5      | Noticed a yak
  7473 | D:5      | Noticed a yak
  7695 | D:5      | Killed Dowan
  7696 | D:5      | Reached XP level 8. HP: 36/36 MP: 1/12
  8025 | D:5      | Slain by Duvessa
  8026 | D:5      | Reached XP level 7. HP: -3/33 MP: 10/11
  8099 | D:6      | Noticed a steam dragon
  8318 | D:6      | Reached skill level 5 in Fighting
  8549 | D:6      | Reached skill level 5 in Dodging
  8621 | D:6      | Killed a steam dragon
  8702 | D:6      | Reached XP level 8. HP: 37/37 MP: 5/12
  8708 | D:6      | Learned a level 5 spell: Manifold Assault
  9659 | D:6      | You fall into a shaft and drop 2 floors!
 10343 | D:6      | Reached XP level 9. HP: 25/41 MP: 13/13
 10966 | D:6      | Learned a level 3 spell: Teleport Other
 11505 | D:6      | Noticed a two-headed ogre
 11524 | D:6      | Annihilated by a two-headed ogre
 11525 | D:6      | Reached XP level 8. HP: -21/39 MP: 19/21
 11585 | D:6      | Killed a two-headed ogre
 12637 | D:6      | Reached XP level 9. HP: 27/42 MP: 13/13
 12856 | D:6      | Killed from afar by an electric eel

Illustrated notes

Levels and vault maps discovered:
D:1:      nicolae_arrival_somewhat_less_tricky_arrival, layout_basic,
          serial_shops, shop, chequers_ecumenical_altar_simple
D:2:      layout_loops_ring, serial_shops, shop
D:3:      layout_rooms, mainiacjoe_overflow_chevrons,
          gammafunk_temple_overflow_pools, uniq_ijyb, uniq_crazy_yiuf_cottage
D:4:      layout_basic, doesnt_xom_only_xom, lemuel_tele_altar
D:5:      layout_loops_ring, temple_pool_b, enter_ossuary_1,
          chequers_hall_statues_y, minmay_misc_feat_nine_boxes, uniq_duvessa
D:6:      cheibrodos_two_vegetables, layout_gridville, kennysheep_generic_room_9
D:7:      corexii_shantytown, layout_basic, grunt_ministairs_15
D:8:      layout_basic
Temple:   nicolae_temple_x_marks_the_god

Skill      XL: |  1  2  3  4  5  6  7  8  9 |
---------------+----------------------------+-----
Stealth        | 1 3 4 7 9 |  9.1
Fire Magic     | 3 |  3.0
Dodging        | 1 2 3 5 6 7 |  7.7
Translocations | 1 2 3 4 |  4.4
Unarmed Combat | 4 5 7 9 |  9.1
Fighting       | 4 5 6 |  6.7
Spellcasting   | 2 |  2.0

Action                   |  1- 3 |  4- 6 |  7- 9 || total
-------------------------+-------+-------+-------++-------
Melee: Unarmed           |    32 |    60 |    45 ||   137
       Bite              |     1 |     6 |     6 ||    13
       Punch             |       |     1 |     2 ||     3
 Cast: Scorch            |    34 |    46 |   198 ||   278
       Teleport Other    |       |       |    12 ||    12
       Blink             |       |       |     2 ||     2
Invok: Foxfire Swarm     |       |     1 |     2 ||     3
Evoke: Wand              |       |       |     1 ||     1
  Use: Scroll            |       |       |     9 ||     9
 Stab: Sleeping          |     3 |     1 |     5 ||     9
Armor: Skin              |       |     5 |     1 ||     6
Dodge: Dodged            |    22 |    33 |    90 ||   145

Table legend: (Time is in decaauts)
 A = Elapsed time spent in this place.
 B = Non-inter-level travel time spent in this place.
 C = Inter-level travel time spent in this place.
 D = Time resting spent in this place.
 E = Time spent auto-exploring this place.
 F = Levels seen in this place.
 G = Mean time per level.
                   A        B        C        D        E       F      G
               +--------+--------+--------+--------+--------+-----+--------+
         Total |  11793 |  11391 |    402 |   3105 |   5630 |  10 | 1179.3 |
       Dungeon |  10743 |  10341 |    402 |   2979 |   5279 |   8 | 1342.9 |
        Temple |     43 |     43 |      0 |      0 |      0 |   1 |   43.0 |
       Ossuary |   1007 |   1007 |      0 |    126 |    351 |   1 | 1007.0 |
               +--------+--------+--------+--------+--------+-----+--------+

Top non-repeatable levels by time:
     D:6: 3717 daAuts
     D:5: 2466 daAuts
     D:4: 1319 daAuts
     D:2: 1008 daAuts
 Ossuary: 1007 daAuts
     D:3: 909 daAuts
     D:1: 866 daAuts
     D:7: 292 daAuts
     D:8: 162 daAuts
  Temple: 43 daAuts
